 Dungeon Crawl Stone Soup version 0.28.0-43-g3370ac3207 (webtiles) character file.

Game seed: 14402228272701573461

7440 sizableburger the Cleaver (level 10, -13/82 HPs)
             Began as a Mummy Gladiator on Mar 11, 2022.
             Was a Believer of Wu Jian.
             Mangled by Snorg (19 damage)
             ... on level 10 of the Dungeon.
             The game lasted 00:33:43 (16471 turns).

sizableburger the Cleaver (Mummy Gladiator)        Turns: 16471, Time: 00:33:43

Health: -13/82     AC: 17    Str: 22    XL:     10   Next: 93%
Magic:  10/10      EV:  7    Int: 13    God:    Wu Jian [**....]
Gold:   474        SH:  0    Dex: 14    Spells: 9/9 levels left

rFire   . . .      SeeInvis .   i - +2 war axe (freeze)
rCold   . . .      Faith    .   (no shield)
rNeg    + + +      Spirit   .   l - +0 plate armour
rPois   ∞          Reflect  .   c - +0 helmet
rElec   .          Harm     .   g - +0 cloak
rCorr   .          Rampage  .   m - +0 pair of gloves
Will    +....                   n - +0 pair of boots
Stlth   ..........              (no amulet)
HPRegen 0.23/turn               k - ring of fire
MPRegen 0.12/turn               j - +6 ring of intelligence

@: no status effects
A: cold resistance 1, negative energy resistance 3, torment resistance 2, heat
vulnerability 1, no potions
a: Renounce Religion, Wall Jump


You were on level 10 of the Dungeon.
You worshipped Wu Jian.
Wu Jian was pleased with you.
You visited 2 branches of the dungeon, and saw 11 of its levels.

You collected 474 gold pieces.

Inventory:

Hand Weapons
 a - a +2 morningstar of flaming
 i - a +2 war axe of freezing (weapon)
 q - a +0 battleaxe
Missiles
 e - 5 javelins (quivered)
 p - a throwing net
Armour
 c - a +0 helmet (worn)
 g - a +0 cloak (worn)
 l - a +0 plate armour (worn)
 m - a +0 pair of gloves (worn)
 n - a +0 pair of boots (worn)
Jewellery
 h - a +6 ring of intelligence
 j - a +6 ring of intelligence (right hand)
 k - a ring of fire (left hand)
Wands
 b - a wand of iceblast (1)
 d - a wand of flame (44)
Scrolls
 o - a scroll of teleportation
 r - a scroll of fog
 s - a scroll of torment


   Skills:
 + Level 8.5 Fighting
 + Level 10.2 Axes
 - Level 4.3 Throwing
 + Level 5.7 Armour
 - Level 2.4 Dodging
 - Level 2.0 Evocations


You had 9 spell levels left.
You didn't know any spells.
Your spell library contained the following spells:

 Spells                   Type           Power      Damage    Failure   Level
 Pain                     Necr           0%         1d4       99%         1
 Gell's Gravitas          Tloc           0%         N/A       100%        3
 Lesser Beckoning         Tloc           0%         N/A       100%        3
 Teleport Other           Tloc           0%         N/A       100%        3
 Passage of Golubria      Tloc           0%         N/A       100%        4
 Petrify                  Tmut/Erth      0%         N/A       100%        4
 Agony                    Necr           0%         N/A       100%        5
 Excruciating Wounds      Necr           0%         N/A       100%        5
 Metabolic Englaciation   Hex/Ice        0%         N/A       100%        5
 Silence                  Hex/Air        0%         N/A       100%        5
 Summon Forest            Summ/Tloc      0%         N/A       100%        5
 Eringya's Noxious Bog    Tmut/Pois      0%         N/A       100%        6
 Summon Hydra             Summ           0%         N/A       100%        7
 Lehudib's Crystal Spear  Conj/Erth      0%         10d2      100%        8
 Statue Form              Tmut/Erth      Unusable   N/A       N/A         6

Dungeon Overview and Level Annotations

Branches:
Dungeon (10/15)            Temple (1/1) D:6            Lair (0/6) D:8
    Orc (0/2) D:9

Altars:
Cheibriados
Dithmenos
Hepliaklqana
Qazlal
Sif Muna
Vehumet
Wu Jian
Xom
Zin
The Shining One

Shops:
D:1 *   D:5 *   D:10 [

Annotations:
D:9 3 runed translucent doors, growler's ghost, journeyman TeAE
D:10 1 runed translucent door, Snorg; adizb's ghost, novice DsFi


Innate Abilities, Weirdness & Mutations

You are immune to poison.
Your flesh is cold resistant. (rC+)
You are immune to negative energy. (rN+++)
You are immune to unholy pain and torment.
You are vulnerable to heat. (rF-)
You do not drink.


Message History

Snorg barely misses you. Snorg claws you but does no damage.
Snorg completely misses you.
You hit Snorg. You freeze Snorg.
Snorg is moderately wounded.
Snorg bites you. Snorg claws you. Snorg claws you but does no damage.
You slash Snorg! You freeze Snorg.
Snorg is heavily wounded.
Snorg bites you but does no damage. Snorg barely misses you. Snorg claws you.
You hit Snorg. You freeze Snorg.
Snorg is heavily wounded.
Snorg bites you but does no damage. Snorg claws you but does no damage.
Snorg claws you.
You slice Snorg!! You freeze Snorg.
Snorg is severely wounded.
Snorg goes berserk!
You closely miss Snorg.
Snorg is severely wounded.
Snorg barely misses you. Snorg claws you! x2
You slash Snorg! You freeze Snorg.
Snorg is almost dead.
Snorg bites you. Snorg completely misses you. Snorg barely misses you.
Snorg closely misses you. Snorg barely misses you. Snorg claws you!
You hit Snorg but do no damage.
Snorg is almost dead.
Snorg bites you!
* * * LOW HITPOINT WARNING * * *
Snorg claws you but does no damage. x2
Okay, then.
Okay, then.
Okay, then.
Aiming: Iceblast
Press: ? - help, Shift-Dir - straight line, p - Snorg The mass of ice explodes!
The iceblast engulfs Snorg!
Snorg is almost dead.
Snorg bites you.
* * * LOW HITPOINT WARNING * * *
Snorg barely misses you. Snorg claws you!
* * * LOW HITPOINT WARNING * * *
Snorg bites you!!
You die...

.##⌠ ...> #...............# ##...
..... #.............).# #..?..
#....##.............K.#
⌠.?♣...+...........#.........#
#..!..##...........#.........#
##...##.....#....###.........####
.##W##...........................
..###...../............###.......
..........##(..T@......##........
......#.#.(............##........
......#.####.##.##.....##..[#####
...##.#.#.............###...###
....#.................).......#
...................#..........#
...................###........###
....##..<..........# #..........#
....###..>.........# #...........


You could see Snorg (berserk).

Vanquished Creatures
  Maggie (D:10)
  2 slime creatures (D:10)
  A wraith (D:9)
  14 yaks
  A steam dragon (D:4)
  Grum (D:10)
  A warg (D:9)
  A water moccasin (D:7)
  An ice beast (D:7)
  2 black bears
  4 orc warriors
  2 necrophages
  An ogre (D:4)
  2 wolves (D:9)
  5 centaurs
  A phantom (D:5)
  A kobold brigand (D:10)
  2 gnoll sergeants
  A scorpion (D:7)
  4 bullfrogs
  A water moccasin zombie (D:6)
  A water moccasin skeleton (D:4)
  10 wights
  2 electric eels (D:9)
  2 howler monkeys
  2 hounds (D:4)
  A jelly (D:5)
  A centaur skeleton (D:5)
  2 centaur zombies
  3 gnoll shamans
  4 orc priests
  2 iguanas
  11 orc wizards
  Terence (D:2)
  2 howler monkey zombies (D:9)
  Robin (D:3)
  39 gnolls
  5 adders
  2 shadow imps
  A white imp (D:5)
  A dart slug (D:2)
  33 orcs
  5 ball pythons
  4 bats
  3 endoplasms
  3 giant cockroaches
  12 goblins
  9 hobgoblins
  15 jackals
  10 kobolds
  6 quokkas
  A frilled lizard (D:2)
  6 rats
  A bush (D:4)
250 creatures vanquished.

Vanquished Creatures (collateral kills)
  An orc warrior (D:9)
  An orc priest (D:9)
2 creatures vanquished.

Vanquished Creatures (others)
  6 plants (D:4)
6 creatures vanquished.

Grand Total: 258 creatures vanquished

Notes
Turn   | Place    | Note
-------+----------+-------------------------------------------
     0 | D:1      | sizableburger the Mummy Gladiator began the quest for the
                  | Orb.
     0 | D:1      | Reached XP level 1. HP: 16/16 MP: 1/1
    92 | D:1      | Found a faded altar of an unknown god.
   137 | D:1      | Reached XP level 2. HP: 13/23 MP: 2/2
   445 | D:1      | Reached skill level 3 in Axes
   636 | D:1      | You fall into a shaft and drop 1 floor!
   783 | D:2      | Noticed Terence
   860 | D:1      | Found Zogutt's Assorted Antiques.
  1035 | D:2      | Reached XP level 3. HP: 28/28 MP: 3/3
  1172 | D:2      | Killed Terence
  1857 | D:3      | Reached skill level 4 in Axes
  1857 | D:3      | Reached XP level 4. HP: 29/34 MP: 4/4
  2885 | D:4      | Reached XP level 5. HP: 34/39 MP: 5/5
  2926 | D:4      | Noticed a steam dragon
  3032 | D:4      | Killed a steam dragon
  3033 | D:4      | Reached skill level 5 in Axes
  3033 | D:4      | Reached XP level 6. HP: 46/46 MP: 6/6
  3073 | D:4      | Reached skill level 6 in Axes
  3248 | D:4      | Noticed Robin
  3312 | D:3      | Killed Robin
  3820 | D:4      | Reached XP level 7. HP: 39/51 MP: 7/7
  4472 | D:4      | Reached skill level 7 in Axes
  4788 | D:5      | Entered Level 5 of the Dungeon
  4801 | D:5      | Found Nixke's Elemental Accessories.
  5540 | D:5      | Reached skill level 1 in Armour
  5619 | D:5      | Reached XP level 8. HP: 37/58 MP: 8/8
  6862 | D:6      | Reached skill level 8 in Axes
  7070 | D:6      | Found a staircase to the Ecumenical Temple.
  7080 | Temple   | Entered the Ecumenical Temple
  7096 | Temple   | Became a worshipper of the Wu Jian Council
  8880 | D:7      | Reached XP level 9. HP: 63/66 MP: 9/9
  8941 | D:7      | Reached * piety under Wu Jian
  9085 | D:7      | Reached skill level 5 in Fighting
  9878 | D:8      | Found a staircase to the Lair.
 10589 | D:8      | Reached skill level 9 in Axes
 11501 | D:8      | Reached skill level 1 in Evocations
 11521 | D:6      | Reached XP level 10. HP: 23/77 MP: 10/10
 11859 | D:7      | Reached ** piety under Wu Jian
 12738 | D:9      | Found a radiant altar of Vehumet.
 12887 | D:9      | Found a runed translucent gate.
 12888 | D:9      | Found a runed translucent gate.
 12889 | D:9      | Found a runed translucent gate.
 12891 | D:9      | Noticed growler's ghost (journeyman TeAE)
 12910 | D:9      | Found a staircase to the Orcish Mines.
 13956 | D:10     | Entered Level 10 of the Dungeon
 13956 | D:10     | Noticed Snorg
 14889 | D:10     | Noticed Maggie
 14904 | D:10     | Killed Maggie
 14905 | D:10     | Reached skill level 5 in Armour
 15045 | D:10     | Noticed Grum
 15073 | D:10     | Killed Grum
 15226 | D:10     | Found a snail-covered altar of Cheibriados.
 15228 | D:10     | Found Cheibriados's Comfort Zone.
 15228 | D:10     | Noticed adizb's ghost (novice DsFi)
 15246 | D:10     | Reached skill level 10 in Axes
 16017 | D:10     | Noticed a two-headed ogre
 16406 | D:10     | Found a runed translucent door.
 16471 | D:10     | Mangled by Snorg

Illustrated notes

Levels and vault maps discovered:
D:1:      minmay_arrival_open_corners, layout_basic, serial_shops,
          nicolae_shop_temple_entry_statues_fountains,
          ebering_ecumenical_altar_hall
D:2:      layout_rooms, uniq_terence
D:3:      layout_basic, kennysheep_generic_room_13
D:4:      lemuel_castle_with_subvaults [lemuel_castle_interior_carwin_1],
          layout_basic, minmay_hedge_maze, lemuel_old_faithful, uniq_robin
D:5:      layout_cave_pools, kennysheep_decorative_pillar,
          corexii_hall_statues_t, nicolae_elemental_shop
D:6:      layout_rooms, minmay_temple_entry_statues_fountains,
          amcnicky_mini_rare_corridor_liquid
D:7:      layout_rooms
D:8:      layout_rooms, lair_entry_dummy, serial_corexii_hall,
          chequers_hall_statues_corner_a, corexii_hall_statues_i,
          chequers_hall_statues_corner_a
D:9:      layout_basic, vehumet_altar_wand_db, david_orc_3,
          gammafunk_ghost_split, kennysheep_cross_bottleneck
D:10:     layout_basic, hellmonk_ghost_happy_afterlife, minmay_shop_chei,
          chequers_serial_rivers_micro_c, uniq_maggie, uniq_snorg, uniq_grum
Temple:   compressed_dpeg_circular_temple

Skill      XL: |  1  2  3  4  5  6  7  8  9 10 |
---------------+-------------------------------+-----
Axes           | 3 4 5 6 7 8 9 10 | 10.2
Throwing       | 2 3 4 |  4.3
Armour         | 1 3 4 5 |  5.7
Fighting       | 3 4 6 8 |  8.5
Evocations     | 1 2 |  2.0
Dodging        | |  2.4

Action                   |  1- 3 |  4- 6 |  7- 9 | 10-12 || total
-------------------------+-------+-------+-------+-------++-------
Melee: War axe           |   109 |   157 |   504 |   301 ||  1071
       Punch             |     2 |       |     8 |     5 ||    15
Throw: Throwing net      |     3 |     1 |       |       ||     4
       Javelin           |     3 |       |    20 |     8 ||    31
Invok: Lunge             |       |       |    19 |    14 ||    33
       Whirlwind         |       |       |    10 |     6 ||    16
Evoke: Wand              |     2 |     3 |       |     2 ||     7
  Use: Scroll            |     3 |     5 |     7 |     4 ||    19
 Stab: Held in net/web   |     2 |     1 |       |       ||     3
Armor: Leather armour    |    16 |       |       |       ||    16
       Ring mail         |     5 |       |       |       ||     5
       Chain mail        |    19 |   111 |   264 |    10 ||   404
       Plate armour      |       |       |       |   156 ||   156
Dodge: Dodged            |    77 |    83 |   179 |   106 ||   445
